 Dungeon Crawl Stone Soup version 0.18-a0-382-gd7addec (webtiles) character file.

2123 Mindmaker the Ducker (level 9, 0/69 HPs)
             Began as a Human Fighter on Nov 30, 2015.
             Slain by an orc warrior
             ... wielding a +0 halberd
              (11 damage)
             ... on level 6 of the Dungeon.
             The game lasted 00:33:03 (8598 turns).

Mindmaker the Ducker (Human Fighter)                Turns: 8598, Time: 00:33:03

Health: 0/69       AC:  9    Str: 16    XL:     9   Next: 54%
Magic:  9/9        EV: 13    Int:  9    God:
Gold:   237        SH:  5    Dex: 16    Spells: 0 memorised, 8 levels left

rFire  . . .     SeeInvis .     a - +0 long sword
rCold  . . .     Clarity  .     p - +2 scale mail {MR+}
rNeg   . . .     SustAt   .     o - +0 buckler
rPois  .         Gourm    .     (no helmet)
rElec  .         Spirit   .     (no cloak)
rCorr  .         Warding  .     (no gloves)
rMut   .         Stasis   .     (no boots)
MR     ++...                    (no amulet)
Stlth  ..........               (no ring)
                                d - ring of protection from magic

@: very resistant to hostile enchantments, extremely unstealthy
A: no striking features
a: no special abilities


You were on level 6 of the Dungeon.
You were not hungry.

You visited 1 branch of the dungeon, and saw 6 of its levels.

You collected 370 gold pieces.
You spent 133 gold pieces at shops.

Inventory:

Hand Weapons
 a - a +0 long sword (weapon)
Missiles
 s - 7 tomahawks (quivered)
Armour
 o - a +0 buckler (worn)
 p - a +2 scale mail of magic resistance (worn)
Jewellery
 d - a ring of protection from magic (left hand)
Scrolls
 b - a scroll of fog
 j - a scroll of remove curse
 m - a scroll of magic mapping
Potions
 f - 2 potions of curing
 g - a potion of haste
 i - a potion of heal wounds {unknown}
 k - a potion of resistance
 l - a potion of mutation
 q - a potion of berserk rage
Comestibles
 e - 6 bread rations
 h - 2 chunks of flesh
 n - a meat ration


   Skills:
 - Level 6.0 Fighting
 - Level 6.2 Long Blades
 + Level 5.7 Armour
 - Level 6.2 Dodging
 - Level 5.0 Shields


You had 8 spell levels left.
You didn't know any spells.

Dungeon Overview and Level Annotations

Branches:
Dungeon (6/15)
 Temple: D:4-7

Altars:
Kikubaaqudgha
Nemelex Xobeh
Okawaru
Qazlal
Ru
Xom

Shops:
D:6 *


Message History

The orc warrior hits you with a halberd!
You hit the orc warrior.
The orc warrior is severely wounded.
You hit the orc warrior but do no damage.
The orc warrior is severely wounded.
The orc warrior barely misses you.
You hit the orc warrior but do no damage.
The orc warrior is severely wounded.
You block the orc warrior's attack.
You hit the orc warrior but do no damage.
The orc warrior is severely wounded.
The orc warrior barely misses you.
You hit the orc warrior but do no damage.
The orc warrior is severely wounded.
The orc warrior hits you with a halberd!
* * * LOW HITPOINT WARNING * * *
Your scale mail prevents you from hitting the orc warrior.
The orc warrior is severely wounded.
The orc warrior hits you with a halberd!
You die...

###########################
.'..............'...#.....#
.'.......o......'...#.....# ##
.####''########o#...#PP♣..# #.
...#..... #[@.#...#♣PP..# #.
...#..... #...#...#♣P♣..# ##. ..
#....... #.>.#####♣PP..###.. o
#....... #...#P♣♣♣P♣...##..#
######## ##')'#PPPPP....)....
###♣♣♣..P♣♣♣♣....♣PPP♣P.........
♣♣.♣P♣P..PP♣PP.....P♣P....[.###..
P♣P.P.P..P♣P♣P.....P.P.....## #..
P.P......P.P.........)...### #..


You could see an orc warrior.

Vanquished Creatures
  The ghost of kasmir the Cudgeler, an amateur OgAM (D:4)
  The ghost of ldierk the Twirler, an amateur DsGl of Okawaru (D:6)
  Menkaure (D:5)
  An orc warrior (D:6)
  An ogre (D:5)
  A phantom (D:3)
  2 centaurs (D:5)
  2 gnoll sergeants
  A centaur zombie (D:6)
  A giant frog zombie (D:5)
  3 hounds
  A jelly (D:6)
  A gnoll shaman (D:6)
  2 orc priests
  2 crimson imps (D:5)
  A giant frog skeleton (D:5)
  Terence (D:2)
  Natasha (thrice) (D:4)
  4 orc wizards
  6 worker ants
  9 gnolls
  11 adders
  A worker ant zombie (D:6)
  A shadow imp (D:5)
  An ooze (D:2)
  4 worms
  A giant gecko (D:6)
  12 orcs
  6 giant cockroaches
  13 goblins
  7 hobgoblins
  6 jackals
  12 kobolds
  5 quokkas
  2 ball pythons
  10 bats
  2 giant gecko skeletons (D:4)
  8 giant newts
  A jackal skeleton (D:4)
  A quokka skeleton (D:5)
  12 rats
161 creatures vanquished.

Notes
Turn   | Place    | Note
--------------------------------------------------------------
     0 | D:1      | Mindmaker the Human Fighter began the quest for the Orb.
     0 | D:1      | Reached XP level 1. HP: 18/18 MP: 1/1
   155 | D:1      | Reached skill level 1 in Dodging
   299 | D:1      | Reached XP level 2. HP: 24/24 MP: 2/2
  1189 | D:2      | Reached XP level 3. HP: 24/29 MP: 3/3
  1324 | D:2      | Found a shimmering altar of Xom.
  1521 | D:2      | Reached XP level 4. HP: 35/35 MP: 4/4
  1713 | D:2      | Noticed Terence
  1730 | D:2      | Killed Terence
  1730 | D:2      | Reached XP level 5. HP: 36/41 MP: 5/5
  2083 | D:3      | Reached skill level 4 in Long Blades
  2379 | D:3      | Found a sacrificial altar of Ru.
  2385 | D:3      | Found an ancient bone altar of Kikubaaqudgha.
  2397 | D:3      | Found an iron altar of Okawaru.
  2943 | D:4      | Noticed Natasha
  2954 | D:4      | Found a sparkling altar of Nemelex Xobeh.
  2954 | D:4      | Noticed a phantom
  3238 | D:3      | Killed a phantom
  3238 | D:3      | Reached XP level 6. HP: 38/47 MP: 6/6
  3324 | D:4      | Noticed kasmir's ghost (amateur OgAM)
  3398 | D:4      | Killed kasmir's ghost
  3398 | D:4      | Reached skill level 6 in Dodging
  3398 | D:4      | Reached XP level 7. HP: 37/52 MP: 7/7
  3488 | D:4      | Killed Natasha
  3548 | D:4      | Noticed Natasha
  3551 | D:4      | Killed Natasha
  3558 | D:4      | Noticed Natasha
  3564 | D:4      | Killed Natasha
  3896 | D:5      | Entered Level 5 of the Dungeon
  4487 | D:5      | Reached XP level 8. HP: 35/58 MP: 8/8
  4488 | D:5      | Noticed Menkaure
  4955 | D:3      | Reached skill level 5 in Armour
  5054 | D:5      | Killed Menkaure
  6109 | D:5      | Reached skill level 5 in Long Blades
  6650 | D:5      | Reached skill level 5 in Shields
  6811 | D:6      | Reached XP level 9. HP: 58/66 MP: 9/9
  6903 | D:6      | Noticed ldierk's ghost (amateur DsGl)
  6927 | D:6      | Killed ldierk's ghost
  6927 | D:6      | Reached skill level 5 in Fighting
  7091 | D:6      | Found Bon Ydec's Assorted Antiques.
  7099 | D:6      | Bought a scroll labeled LEIQEC MAIRR for 19 gold pieces
  7099 | D:6      | Bought a scroll of teleportation for 57 gold pieces
  7099 | D:6      | Bought a scroll of identify for 38 gold pieces
  7099 | D:6      | Bought a scroll labeled ZYRCHEU XUEFUG for 19 gold pieces
  7253 | D:6      | Found a stormy altar of Qazlal.
  8598 | D:6      | Slain by an orc warrior

Vault maps used:
D:1:      minmay_arrival_three_doors, minmay_misc_feat_tower,
          roderic_curled_sauvastika, lemuel_flame_loot_1
D:2:      old_standard_altar, uniq_terence
D:3:      grunt_temple_overflow_open, okawaru_metal_pillars_1_2, first_bread,
          small_statue_alley_b
D:4:      nemelex_deck, uniq_natasha
D:5:      uniq_menkaure
D:6:      kennysheep_housing_project, lemuel_doored_altar, serial_shops,
          nicolae_shop_crystal

Action                   |  1- 3 |  4- 6 |  7- 9 || total
-------------------------+-------+-------+-------++-------
Melee: Long sword        |   113 |   226 |   546 ||   885
Throw: Tomahawk          |       |       |    16 ||    16
  Use: Potion            |       |     1 |     2 ||     3
       Scroll            |       |       |    15 ||    15
  Eat: Chunk             |     2 |     7 |    12 ||    21
       Meat ration       |       |       |     1 ||     1
